 Dungeon Crawl Stone Soup version 0.24.0-123-gd5b16e6ec5 (webtiles) character file.

Game seed: 15971072686377520298, levelgen mode: deterministic

12665 Amplified the Fighter (level 11, -1/105 HPs)
             Began as a Hill Orc Summoner on Jan 22, 2020.
             Was a Priest of the Shining One.
             Succumbed to a redback's poison
             ... on level 12 of the Dungeon.
             The game lasted 00:19:47 (14673 turns).

Amplified the Fighter (Hill Orc Summoner)          Turns: 14673, Time: 00:19:48

Health: -1/105     AC:  0    Str: 15    XL:     11   Next: 96%
Magic:  15/18      EV: 16    Int: 15    God:    the Shining One [***...]
Gold:   610        SH: 10    Dex: 13    Spells: 9/13 levels left

rFire    . . .     SeeInvis .   (weapon currently unavailable)
rCold    . . .     Gourm    .   (shield currently unavailable)
rNeg     + . .     Faith    .   (armour currently unavailable)
rPois    .         Spirit   .   (helmet currently unavailable)
rElec    .         Reflect  .   (cloak currently unavailable)
rCorr    .         Harm     .   (gloves currently unavailable)
MR       .....     Rnd*Rage +   (boots currently unavailable)
Stlth    +.........             (no amulet)
HPRegen  0.27/turn              (ring currently unavailable)
MPRegen  0.16/turn              (ring currently unavailable)

@: lethally poisoned (-1 -> -22), divine shield, pig-form, glowing, lightly
drained, very quick
A: small, repulsion field 1, agile 1, berserk 1
a: Divine Shield, Renounce Religion


You were on level 12 of the Dungeon.
You worshipped the Shining One.
The Shining One was most pleased with you.
You were hungry.
You were a filthy swine.
You visited 1 branch of the dungeon, and saw 12 of its levels.

You collected 610 gold pieces.

Inventory:

Hand Weapons
 f - a +2 hand axe of freezing
 p - a +0 hand axe of electrocution
 r - the +1 hunting sling of Wylapu (melded) {venom, rC+ MR++ Int-4}
   (You found it on level 6 of the Dungeon)

   It poisons the ammo it fires.
   It affects your intelligence (-4).
   It protects you from cold.
   It affects your resistance to hostile enchantments.
Armour
 b - a +2 cloak of invisibility (melded)
 e - a +4 ring mail (melded)
 i - a +0 pair of gloves (melded)
 j - a +2 helmet (melded)
 n - a +2 shield of cold resistance (melded)
 o - a +2 buckler
Wands
 k - a wand of flame (31)
 q - a wand of polymorph (15)
 t - a wand of iceblast (1)
Scrolls
 a - 5 scrolls of identify
 d - a scroll of fog
 g - 5 scrolls of remove curse
 u - a scroll of fear
 v - a scroll of amnesia
Potions
 m - a potion of brilliance
Comestibles
 c - 20 rations


   Skills:
 * Level 12.3(11.7) Fighting
 - Level 11.1(10.4) Axes
 - Level 1.5(1.0) Dodging
 - Level 1.5(1.0) Stealth
 * Level 11.1(10.5) Shields
 - Level 1.5(1.0) Spellcasting
 - Level 4.4(3.9) Summonings
 * Level 9.7(9.1) Invocations


You had 9 spell levels left.
You knew the following spells:

 Your Spells              Type           Power        Failure   Level  Hunger
a - Summon Small Mammal   Summ           ##..         4%          1    ##.....
b - Call Canine Familiar  Summ           ##......     14%         3    ####...

Your spell library contained the following spells:

 Spells                   Type           Power        Failure   Level  Hunger
 Call Imp                 Summ           ##......     8%          2    ###....
 Corona                   Hex            #......      24%         1    ##.....
 Summon Guardian Golem    Hex/Summ       #.......     32%         3    ####...
 Ensorcelled Hibernation  Hex/Ice        #.....       36%         2    ###....
 Confuse                  Hex            #.......     58%         3    ####...
 Dazzling Spray           Conj/Hex       #.....       58%         3    ####...
 Tukima's Dance           Hex            #.......     58%         3    ####...
 Summon Ice Beast         Ice/Summ       #.......     73%         4    #####..
 Summon Lightning Spire   Summ/Air       #.......     73%         4    #####..


Dungeon Overview and Level Annotations

Branches:
Dungeon (12/15)            Temple (0/1) D:7            Lair (0/6) D:8
    Orc (0/2) D:11

Altars:
Ashenzari
Elyvilon
Fedhas
Makhleb
Uskayaw
Wu Jian
Xom
Yredelemnul
The Shining One

Shops:
D:8 :

Annotations:
D:8 2 runed translucent doors


Innate Abilities, Weirdness & Mutations

You are surrounded by a mild repulsion field. (EV +2)
You are agile. (Dex +2)
You tend to lose your temper in combat.


Message History

That beam is likely to hit you.
Continue anyway?
You turn into a filthy swine.
The +1 hunting sling of Wylapu {venom, rC+ MR++ Int-4} melds into your body.
Your +2 cloak of invisibility melds into your body.
Your +2 helmet melds into your body.
Your +0 pair of gloves melds into your body.
Your +2 shield of cold resistance melds into your body.
Your +4 ring mail melds into your body.
The +1 hunting sling of Wylapu {venom, rC+ MR++ Int-4} stops dripping with poison.
You feel less resistant to cold.
* * * LOW HITPOINT WARNING * * *
You feel sick.
Unknown command.
Unknown command.
Evoke which item? (* to show all) (? for menu, Esc to quit)
Aiming: Polymorph
Press: ? - help, Shift-Dir - straight line, f - you That beam is likely to hit you.
Continue anyway?
Nothing appears to happen.
You die...

##################
.................
..............(..
..............#
.............h#
..............#####
.........<.........
.............#####
###########..# #..#
########..#
>.........#####
...............


There were no monsters in sight!

Vanquished Creatures
  Erica (D:10)
  A two-headed ogre (D:10)
  4 unseen horrors
  A cyclops (D:9)
  Maurice (D:10)
  A troll (D:11)
  A raiju (D:10)
  A hippogriff (D:8)
  Sigmund (D:5)
  A water elemental (D:12)
  4 yaks (D:9)
  Eustachio (D:6)
  A wyvern (D:8)
  4 hungry ghosts
  A wraith (D:10)
  2 soldier ants (D:8)
  A water moccasin (D:12)
  2 orc warriors
  4 sky beasts
  An ice beast (D:9)
  A necrophage (D:12)
  3 black bears
  5 ogres
  2 phantoms
  3 centaurs
  A crocodile (D:8)
  3 big kobolds
  4 bullfrogs
  20 killer bees
  A vampire bat (D:4)
  5 howler monkeys
  A quasit (D:11)
  2 bullfrog zombies
  7 crimson imps
  10 hounds
  3 orc priests
  3 centaur skeletons
  3 jellies
  9 orc wizards
  2 bullfrog skeletons
  5 iguanas
  9 worker ants
  3 killer bee zombies
  2 hound zombies
  A hound skeleton (D:10)
  2 worker ant zombies
  Robin (D:3)
  7 gnolls
  19 adders
  2 shadow imps
  4 white imps (D:10)
  3 adder skeletons
  2 worms (D:2)
  9 dart slugs
  3 fire bats (D:4)
  8 leopard geckos
  23 orcs
  2 spectral bats (D:4)
  13 bats
  3 bat skeletons (D:4)
  A bat zombie (D:4)
  3 giant cockroaches
  14 goblins
  8 hobgoblins
  21 jackals
  23 kobolds
  7 quokkas
  A bat simulacrum (D:4)
  5 frilled lizards
  A quokka skeleton (D:4)
  10 rats
337 creatures vanquished.

Vanquished Creatures (collateral kills)
  An adder (D:4)
  A frilled lizard (D:1)
  3 goblins
  A rat (D:2)
6 creatures vanquished.

Vanquished Creatures (others)
  A bullfrog (D:10)
  16 plants (D:12)
17 creatures vanquished.

Grand Total: 360 creatures vanquished

Notes
Turn   | Place    | Note
-------+----------+-------------------------------------------
     0 | D:1      | Amplified the Hill Orc Summoner began the quest for the
                  | Orb.
     0 | D:1      | Reached XP level 1. HP: 14/14 MP: 3/3
   276 | D:1      | Reached skill level 1 in Axes
   657 | D:1      | Reached XP level 2. HP: 21/22 MP: 2/4
   702 | D:1      | Reached skill level 1 in Fighting
  1420 | D:2      | Reached XP level 3. HP: 26/29 MP: 5/5
  1829 | D:2      | Reached skill level 2 in Fighting
  1971 | D:2      | Found a blossoming altar of Fedhas.
  2241 | D:2      | Found a glowing golden altar of the Shining One.
  2449 | D:2      | Became a worshipper of the Shining One
  2623 | D:3      | Found a hide-covered altar of Uskayaw.
  2627 | D:3      | Reached XP level 4. HP: 24/36 MP: 6/6
  2773 | D:3      | Found a shimmering altar of Xom.
  3177 | D:3      | Found a white marble altar of Elyvilon.
  3334 | D:3      | Learned a level 3 spell: Call Canine Familiar
  3710 | D:3      | Noticed Robin
  3731 | D:3      | Reached skill level 1 in Shields
  4010 | D:3      | Reached XP level 5. HP: 13/44 MP: 7/7
  4271 | D:3      | Found an ornate altar of the Wu Jian Council.
  4280 | D:3      | Reached skill level 3 in Fighting
  4291 | D:3      | Killed Robin
  4496 | D:3      | Found a burning altar of Makhleb.
  4845 | D:4      | Noticed a centaur
  4936 | D:4      | Killed a centaur
  4936 | D:4      | Reached XP level 6. HP: 27/52 MP: 8/8
  4993 | D:4      | Reached skill level 4 in Fighting
  5879 | D:4      | Reached * piety under the Shining One
  5901 | D:4      | Reached skill level 5 in Axes
  5901 | D:4      | Reached XP level 7. HP: 60/60 MP: 9/9
  6053 | D:4      | Was placed under penance by the Shining One
  6197 | D:4      | Reached skill level 5 in Fighting
  6295 | D:5      | Entered Level 5 of the Dungeon
  7226 | D:5      | Reached XP level 8. HP: 61/70 MP: 10/10
  7471 | D:5      | Reached skill level 6 in Fighting
  7499 | D:5      | Reached skill level 5 in Shields
  7556 | D:5      | Noticed Sigmund
  7584 | D:5      | Killed Sigmund
  8425 | D:6      | Noticed Eustachio
  8470 | D:6      | Killed Eustachio
  8470 | D:6      | Reached skill level 7 in Fighting
  8591 | D:6      | Reached XP level 9. HP: 74/79 MP: 11/11
  8794 | D:6      | Reached skill level 8 in Fighting
  9026 | D:6      | Was forgiven by the Shining One
  9174 | D:6      | Found a basalt altar of Yredelemnul.
  9451 | D:6      | Got a polished hunting sling
  9529 | D:7      | Found a staircase to the Ecumenical Temple.
  9828 | D:8      | Reached skill level 9 in Fighting
  9851 | D:8      | Reached skill level 1 in Invocations
  9853 | D:8      | Found a staircase to the Lair.
  9867 | D:8      | Found Pegeros's Book Boutique.
  9958 | D:8      | Reached skill level 10 in Axes
  9985 | D:8      | Reached XP level 10. HP: 88/91 MP: 12/12
 10250 | D:8      | Gained mutation: You tend to lose your temper in combat.
                  | [potion of mutation]
 10250 | D:8      | Gained mutation: You are surrounded by a mild repulsion
                  | field. (EV +2) [potion of mutation]
 10250 | D:8      | Gained mutation: You are agile. (Dex +2) [potion of
                  | mutation]
 10330 | D:8      | Reached ** piety under the Shining One
 10354 | D:8      | Reached skill level 10 in Fighting
 10461 | D:8      | Found a runed translucent door.
 10462 | D:8      | Found a runed translucent door.
 11392 | D:9      | Reached skill level 5 in Invocations
 11705 | D:9      | Found a shattered altar of Ashenzari.
 11728 | D:9      | Noticed a cyclops
 11758 | D:9      | Killed a cyclops
 12446 | D:10     | Entered Level 10 of the Dungeon
 12454 | D:10     | Reached XP level 11. HP: 101/101 MP: 15/15
 12498 | D:10     | Noticed a two-headed ogre
 12531 | D:10     | Noticed an unseen horror
 12533 | D:10     | Noticed an unseen horror
 12536 | D:10     | Noticed Maurice
 12555 | D:11     | Killed an unseen horror
 12555 | D:11     | Reached skill level 11 in Fighting
 12559 | D:11     | Killed an unseen horror
 12559 | D:11     | Reached skill level 10 in Shields
 12733 | D:11     | Found a staircase to the Orcish Mines.
 13200 | D:11     | Noticed an unseen horror
 13208 | D:11     | Killed an unseen horror
 13468 | D:10     | Noticed Snorg
 13473 | D:10     | Noticed Snorg
 13473 | D:10     | Snorg changed into Snorg the raiju
 13484 | D:10     | Killed Snorg the raiju
 13691 | D:10     | Reached *** piety under the Shining One
 13734 | D:10     | Noticed Erica
 13751 | D:10     | Killed Erica
 13816 | D:10     | Identified the +1 hunting sling of Wylapu {venom, rC+ MR++
                  | Int-4} (You found it on level 6 of the Dungeon)
 13882 | D:10     | Killed Maurice
 13978 | D:10     | Noticed an unseen horror
 13995 | D:10     | Reached skill level 12 in Fighting
 14000 | D:10     | Killed an unseen horror
 14021 | D:10     | Killed a two-headed ogre
 14367 | D:12     | Noticed a deep elf mage
 14670 | D:12     | HP: 3/105 [poisoned by a redback]
 14672 | D:12     | HP: 1/105 [poisoned by a redback]
 14673 | D:12     | Succumbed to a redback's poison

Levels and vault maps discovered:
D:1:      dpeg_arrival_simpleton_a, layout_basic
D:2:      layout_basic, lemuel_coloured_pillars_altar, first_ration,
          fedhas_altar_3
D:3:      layout_loops_corners, xom_teletrap_fun, elyvilon_altar_5,
          marbit_many_paths, nicolae_overflow_crystal_walls,
          lightli_temple_of_fire, uniq_robin
D:4:      minmay_chambers_of_fours, layout_cave_pools, goddamned_bats
D:5:      layout_basic, kennysheep_nondescript, moated_statue,
          kennysheep_generic_room_11, uniq_sigmund
D:6:      wander_river, layout_loops_corners, yredelemnul_altar_generic,
          st_stairs_6, minmay_small_thing, uniq_eustachio
D:7:      kennysheep_slugbush, layout_basic, lemuel_round_altar,
          minmay_temple_entry_overgrown, nicolae_dithmenos_the_darkroom,
          uniq_pikel
D:8:      lemuel_insect_pit, layout_cave_pods, lair_entry_dummy, serial_shops,
          nicolae_shop_stone, hangedman_pestilent_swarm, abandoned_shop
D:9:      layout_layer_cave, old_standard_altar
D:10:     layout_basic, minmay_nine_imps, uniq_erica, uniq_maurice, uniq_snorg
D:11:     layout_grid_maze, orc_david_3
D:12:     layout_long_grid, serial_bayou, serial_bayou_shore_a,
          serial_bayou_pond_e, serial_bayou_lake_a, serial_bayou_ford_a

Skill      XL: |  1  2  3  4  5  6  7  8  9 10 11 |
---------------+----------------------------------+-----
Axes           | 1 2 3 4 5 6 8 10 11 | 11.1
Fighting       | 1 2 3 4 5 7 9 10 12 | 12.3
Shields        | 1 2 3 4 6 8 9 11 | 11.1
Invocations    | 2 6 9 |  9.7
Dodging        | |  1.5
Stealth        | |  1.5
Spellcasting   | |  1.5
Summonings     | |  4.4

Action                   |  1- 3 |  4- 6 |  7- 9 | 10-12 || total
-------------------------+-------+-------+-------+-------++-------
Melee: Whip              |    21 |       |       |       ||    21
       Hand axe          |    95 |   202 |   568 |   500 ||  1365
 Cast: Summon Small Mamm |    15 |       |     4 |       ||    19
Invok: Divine Shield     |       |       |       |     3 ||     3
Evoke: Wand              |       |       |       |    13 ||    13
  Use: Scroll            |     5 |     4 |     8 |     8 ||    25
       Potion            |     3 |     2 |     1 |     9 ||    15
 Stab: Sleeping          |     2 |       |       |       ||     2
  Eat: Chunk             |     5 |     8 |    15 |    12 ||    40
       Ration            |       |     1 |     1 |     2 ||     4
Armor: Robe              |    15 |    78 |    41 |       ||   134
       Ring mail         |       |       |   169 |   160 ||   329
       Skin              |       |       |       |     4 ||     4
Dodge: Dodged            |    66 |    86 |   161 |   184 ||   497
Block: Shield            |       |    73 |   204 |   335 ||   612
       Buckler           |       |       |    32 |       ||    32
